 Dungeon Crawl Stone Soup version 0.28-a0-851-g8b9cc49659 (webtiles) character file.

Game seed: 8490011127074486401

85 siradein the Slasher (level 4, -5/37 HPs)
             Began as a Ghoul Gladiator on Nov 15, 2021.
             Slain by a kobold brigand (6 damage)
             ... in a sewer.
             The game lasted 00:04:05 (2260 turns).

siradein the Slasher (Ghoul Gladiator)              Turns: 2260, Time: 00:04:06

Health: -5/37      AC:  6    Str: 17    XL:     4   Next: 48%
Magic:  3/3        EV: 11    Int:  3    God:
Gold:   60         SH:  5    Dex: 11    Spells: 3/3 levels left

rFire   . . .      SeeInvis .   a - +0 long sword
rCold   + . .      Faith    .   (no shield)
rNeg    + + +      Spirit   .   k - +0 ring mail
rPois   ∞          Reflect  +   c - +0 helmet
rElec   .          Harm     .   (no cloak)
rCorr   .          Rampage  .   (no gloves)
Will    .....                   (no boots)
Stlth   ..........              m - amulet of reflection
HPRegen 0.00/turn               (no ring)
MPRegen 0.08/turn               (no ring)

@: inhibited regen, very slow
A: claws 1, cold resistance 1, negative energy resistance 3, inhibited
regeneration, torment resistance 2
a: no special abilities


You were in a sewer.
You visited 1 branch of the dungeon, and saw 3 of its levels.
You also visited: Sewer.

You collected 60 gold pieces.

Inventory:

Hand Weapons
 a - a +0 long sword (weapon)
Missiles
 d - 3 throwing nets
 i - 107 stones (quivered)
Armour
 c - a +0 helmet (worn)
 k - a +0 ring mail (worn)
Jewellery
 m - an amulet of reflection (around neck)
Scrolls
 b - a scroll of enchant weapon {unknown}
 f - a scroll of fog
 j - a scroll of enchant armour {unknown}
 l - a scroll of magic mapping {unknown}
 n - a scroll of teleportation {unknown}
 o - a scroll of noise {unknown}
Potions
 e - a potion of berserk rage {unknown}
 g - 3 potions of curing {unknown}
 h - a potion of mutation {unknown}
 p - a potion of heal wounds {unknown}


   Skills:
 + Level 2.8 Fighting
 + Level 3.2 Long Blades
 + Level 2.4 Throwing
 + Level 1.3 Armour
 + Level 3.1 Dodging


You had 3 spell levels left.
You didn't know any spells.
Your spell library contained the following spells:

 Spells                   Type           Power      Damage    Failure   Level
 Animate Skeleton         Necr           0%         N/A       75%         1
 Apportation              Tloc           0%         N/A       75%         1
 Summon Small Mammal      Summ           0%         N/A       75%         1


Dungeon Overview and Level Annotations

Branches:
Dungeon (3/15)              Sewer (1/1)

Altars:

Shops:
D:1 [


Innate Abilities, Weirdness & Mutations

You thrive by killing the living.
You are immune to poison.
You have sharp fingernails.
Your flesh is cold resistant. (rC+)
You are immune to negative energy. (rN+++)
You do not regenerate when monsters are visible.
You are immune to unholy pain and torment.


Message History

The jackal splashes around in the water.
The kobold hits you with a +0 club.
* * * LOW HITPOINT WARNING * * *
The kobold brigand splashes around in the water.
The kobold misses you. You block the kobold brigand's attack.
You enter the shallow water.
Moving in this stuff is going to be slow.
The jackal barely misses you.
The kobold throws a poisoned dart.
The poisoned dart hits you! The jackal bites you.
* * * LOW HITPOINT WARNING * * *
The jackal splashes around in the water.
The jackal bites you but does no damage.
The jackal splashes around in the water.
You closely miss the jackal. The jackal closely misses you.
The jackal bites you but does no damage.
You barely miss the jackal.
The jackal splashes around in the water.
You barely miss the jackal. You block the jackal's attack. x2
You completely miss the jackal. The jackal barely misses you.
Your unstable footing causes you to fumble your attack.
The jackal splashes around in the water.
The jackal misses you.
You barely miss the jackal. The jackal bites you.
* * * LOW HITPOINT WARNING * * *
The jackal bites you but does no damage.
Your unstable footing causes you to fumble your attack.
The jackal completely misses you.
The jackal bites you but does no damage.
You hit the jackal.
The jackal is almost dead.
The jackal misses you.
You hit the jackal.
You kill the jackal!
The kobold brigand throws a curare-tipped dart.
The curare-tipped dart barely misses you.
You block the kobold brigand's attack.
The kobold brigand splashes around in the water.
Your unstable footing causes you to fumble your attack.
The kobold brigand hits you with a +0 dagger.
You die...

##≈≈≈## #.≈≈≈.# ###.≈≈≈.#
#∩..≈≈≈.# ###.≈≈≈≈# #.≈≈≈.#
##.≈≈≈.##
#.≈≈≈≈.≈#####################
#.≈≈≈≈≈KKKKK@≈≈≈≈≈≈≈≈≈≈≈≈≈≈..
#.≈≈≈≈..#####################
#..≈≈≈≈.# #.≈≈≈≈≈≈# #≈≈≈≈≈≈≈#
#≈≈≈≈≈≈K# #.≈≈≈≈≈≈# #.≈≈≈≈.≈#
#.....≈.#


You could see a kobold brigand and 4 kobolds.

Vanquished Creatures
  3 river rats
  3 dart slugs (D:1)
  11 ball pythons
  3 bats (D:1)
  4 giant cockroaches
  3 hobgoblins (D:1)
  2 jackals (Sewer)
  8 kobolds (D:1)
  3 frilled lizards
  2 goblins (D:1)
  12 rats
54 creatures vanquished.

Vanquished Creatures (others)
  4 plants (D:1)
4 creatures vanquished.

Grand Total: 58 creatures vanquished

Notes
Turn   | Place    | Note
-------+----------+-------------------------------------------
     0 | D:1      | siradein the Ghoul Gladiator began the quest for the Orb.
     0 | D:1      | Reached XP level 1. HP: 17/17 MP: 0/0
    91 | D:1      | Reached XP level 2. HP: 25/25 MP: 1/1
   204 | D:1      | Found Paunuz's Armour Emporium.
   403 | D:1      | Found a faded altar of an unknown god.
   472 | D:1      | Reached XP level 3. HP: 30/30 MP: 2/2
   834 | D:1      | Reached skill level 1 in Armour
  2078 | D:3      | Reached XP level 4. HP: 16/37 MP: 3/3
  2094 | D:3      | Found a glowing drain.
  2099 | Sewer    | Entered a sewer
  2218 | Sewer    | Noticed a kobold brigand
  2255 | Sewer    | HP: 1/37 [jackal (2)]
  2260 | Sewer    | Slain by a kobold brigand

Illustrated notes

Levels and vault maps discovered:
D:1:      tarquinn_simple_flora_water_c, layout_loops_ring, serial_shops,
          shop_fountains, hellmonk_ecumenical_altar_lost_god,
          lexackson_kobold_supper
D:2:      layout_basic
D:3:      layout_basic, portal_sewer_entry_e
Sewer:    sewer_kobolds

Skill      XL: |  1  2  3 |
---------------+----------+-----
Throwing       | 2 |  2.4
Long Blades    | 3 |  3.2
Armour         | 1 |  1.3
Dodging        | 3 |  3.1
Fighting       | |  2.8

Action                   |  1- 3 |  4- 6 || total
-------------------------+-------+-------++-------
Melee: Long sword        |   128 |    52 ||   180
  Use: Scroll            |     1 |       ||     1
Armor: Leather armour    |    19 |       ||    19
       Ring mail         |    45 |    27 ||    72
Dodge: Dodged            |    95 |    38 ||   133
Block: Other             |     2 |    21 ||    23

Table legend: (Time is in decaauts)
 A = Elapsed time spent in this place.
 B = Non-inter-level travel time spent in this place.
 C = Inter-level travel time spent in this place.
 D = Time resting spent in this place.
 E = Time spent auto-exploring this place.
 F = Levels seen in this place.
 G = Mean time per level.
                   A        B        C        D        E       F      G
               +--------+--------+--------+--------+--------+-----+--------+
         Total |   2326 |   2249 |     77 |      5 |   1787 |   4 |  581.5 |
       Dungeon |   2136 |   2059 |     77 |      5 |   1674 |   3 |  712.0 |
         Sewer |    189 |    189 |      0 |      0 |    112 |   1 |  189.0 |
               +--------+--------+--------+--------+--------+-----+--------+

Top non-repeatable levels by time:
     D:1: 1254 daAuts
     D:2: 830 daAuts
   Sewer: 189 daAuts
     D:3: 51 daAuts
